cohdb
Replays
Latest Replays
All Replays
Popular Replays
Top Player Replays
Match Explorer
How It Works
Community
CoH3 Stats
Reddit
Sign in to upload your games and track your stats! →
Sign in with Steam
Match 37433975
Unlisted
Match 37433975
Overview
Messages
Build Orders
End
Kettenkrad Recon Vehicle
Construct Infanterie Kompanie
MG 42 Machine Gun Team
MG 42 Machine Gun Team
GrW 34 Mortar Team
Selects Mechanized Battlegroup
Construct Panzergrenadier Kompanie
Panzergrenadier Squad
Panzergrenadier Squad
Selects Raid Package
Panzergrenadier Squad
Panzergrenadier Squad
Pioneer Squad
Construct Panzer Kompanie
Medical Bunker
Panzer IV Medium Tank
Selects StuG Assault Group
Selects UNKNOWN (2160084)
Panther Heavy Tank
Selects Mobile Repair Stations
Selects Wespe Self-propelled Artillery
Panzer IV Medium Tank
Selects Zeroing Artillery Barrage
Stoßtruppen Squad
Panzer Officer Quarters
Panzer IV Medium Tank
Stoßtruppen Squad
Stoßtruppen Squad
Panther Heavy Tank
Zeroing Artillery Barrage
Sir Earl of J. Hickey
Scalado
[GG]Onkel Stonkel
[GG]Quiq
0
0
Comments
sign in to comment!
No comments posted yet!